 Dungeon Crawl Stone Soup version 0.27.0-1-g7a089689b8 (webtiles) character file.

Game seed: 14275672687157153280

93 Anothat the Shield-Bearer (level 4, -11/29 HPs)
             Began as a Gargoyle Fighter on Aug 1, 2021.
             Killed by divine providence
             ... invoked by an orc priest
              (14 damage)
             ... on level 3 of the Dungeon.
             The game lasted 00:03:36 (2382 turns).

Anothat the Shield-Bearer (Gargoyle Fighter)        Turns: 2382, Time: 00:03:36

Health: -11/29     AC: 18    Str: 21    XL:     4   Next: 61%
Magic:  4/4        EV:  5    Int:  8    God:
Gold:   79         SH:  9    Dex:  9    Spells: 3/3 levels left

rFire    . . .     SeeInvis .   a - +0 flail
rCold    . . .     Faith    .   c - +0 kite shield
rNeg     + . .     Spirit   .   i - +0 chain mail
rPois    ∞         Reflect  .   (no helmet)
rElec    +         Harm     .   (no cloak)
rCorr    .         Rampage  .   (no gloves)
Will     .....                  p - +0 pair of boots
Stlth    ..........             (no amulet)
HPRegen  0.09/turn              n - +4 ring of protection
MPRegen  0.09/turn              (no ring)

@: no status effects
A: sickness immunity, AC +3, negative energy resistance 1, electricity
resistance, torment resistance 1, petrification resistance
a: no special abilities


You were on level 3 of the Dungeon.
You visited 1 branch of the dungeon, and saw 3 of its levels.

You collected 79 gold pieces.

Inventory:

Hand Weapons
 a - a +0 flail (weapon)
Missiles
 j - 5 javelins (quivered)
Armour
 b - a +0 scale mail
 c - a +0 kite shield (worn)
 i - a +0 chain mail (worn)
 p - a +0 pair of boots (worn)
Jewellery
 n - a +4 ring of protection (left hand)
Scrolls
 e - a scroll of vulnerability {unknown}
 f - 4 scrolls of identify {unknown}
 h - a scroll of immolation {unknown}
 k - a scroll of holy word {unknown}
 l - 2 scrolls of blinking {unknown}
 q - 3 scrolls of magic mapping {unknown}
 r - a scroll of acquirement {unknown}
Potions
 d - a potion of might
 g - a potion of degeneration {unknown}
 m - a potion of curing {unknown}
 o - a potion of attraction {unknown}
 s - a potion of ambrosia {unknown}


   Skills:
 + Level 3.9 Fighting
 * Level 3.3 Maces & Flails
 + Level 3.8 Armour
 + Level 3.9 Shields


You had 3 spell levels left.
You didn't know any spells.
Your spell library was empty.

Dungeon Overview and Level Annotations

Branches:
Dungeon (3/15)

Altars:
Ashenzari
Xom
Zin


Innate Abilities, Weirdness & Mutations

You are immune to sickness and miasma.
Your stone body is resilient. (AC +3)
You are immune to poison.
You resist negative energy. (rN+)
You are resistant to electric shocks. (rElec)
You are resistant to unholy torment.
You are immune to petrification.


Message History

There is an open door here.
There is an open door here.
Found an escape hatch in the ceiling.
There is an escape hatch in the ceiling here.
There is a stone staircase leading up here.
Found a stone staircase leading down.
There is a stone staircase leading down here.
An orc comes into view. It is wielding a +0 mace.
The orc shouts!
You hear a shout! x2
Found a shimmering altar of Xom.
An orc wizard comes into view. It is wielding a +0 dagger.
The orc wizard gestures wildly while chanting.
The orc wizard flickers and vanishes!
Deactivating autopickup; reactivate with Ctrl-A.
An orc priest comes into view. It is wielding a +0 mace.
The orc priest shouts!
You hear a shout!
The orc priest calls down the wrath of Beogh upon you.
Beogh smites you!
Ouch! That really hurt!
Found a broken altar of Ashenzari.
You are too injured to fight recklessly!
You are too injured to fight recklessly!
You sock the orc!
You kill the orc!
What are your orders? t - Shout!
Orders for allies: a - Attack new target. r - Retreat! s - Stop attacking. g - Guard the area. f - Follow me.
Anything else - Cancel.
Okay, then.
You start resting.
Something hits you but does no damage.
The orc priest mumbles some strange prayers to Beogh against you.
Beogh smites you!
* * * LOW HITPOINT WARNING * * *
You closely miss something. Something hits you but does no damage.
The orc priest calls down the wrath of Beogh upon you.
Beogh smites you!
You die...

...######......## #.#
##.............# #.#
#....)###......# #.####
..###.######.#.## ##....###
### #....##..#..###........
######>.........>.).≈≈≈≈≈≈≈
.......####...#..##.≈......
..#####.....#.##.#..≈.≈≈≈≈≈
#.# .##.... #@#..≈.≈.._≈
... ....### #....≈.≈.≈≈≈
##. .## ##.#...≈.... ##
#.#.≈≈≈≈≈≈≈ #.#.≈o....≈
#...≈.≈≈≈.≈ #..≈.≈_..≈ ..


You could see an orc priest.

Vanquished Creatures
  3 adders (D:2)
  3 worms (D:2)
  2 orcs (D:3)
  6 bats
  4 endoplasms
  5 giant cockroaches
  4 goblins
  2 hobgoblins (D:1)
  5 jackals
  3 kobolds
  3 quokkas
  3 ball pythons
  3 frilled lizards
  4 rats
50 creatures vanquished.

Vanquished Creatures (others)
  3 withered plants (D:2)
3 creatures vanquished.

Grand Total: 53 creatures vanquished

Notes
Turn   | Place    | Note
-------+----------+-------------------------------------------
     0 | D:1      | Anothat the Gargoyle Fighter began the quest for the Orb.
     0 | D:1      | Reached XP level 1. HP: 14/14 MP: 1/1
   216 | D:1      | Reached XP level 2. HP: 14/19 MP: 2/2
   920 | D:2      | Reached XP level 3. HP: 21/23 MP: 3/3
  1319 | D:2      | Found a faded altar of an unknown god.
  1366 | D:2      | Reached XP level 4. HP: 21/29 MP: 4/4
  2197 | D:3      | Found a glowing silver altar of Zin.
  2368 | D:3      | Found a shimmering altar of Xom.
  2370 | D:3      | Found a broken altar of Ashenzari.
  2382 | D:3      | Killed from afar by an orc priest

Illustrated notes

Levels and vault maps discovered:
D:1:      minmay_arrival_solitary_statue, layout_basic
D:2:      layout_loops_ring, ebering_ecumenical_altar_petrified
D:3:      layout_rooms, mainiacjoe_overflow_catwalk_spiral,
          mainiacjoe_overflow_24_doors

Skill      XL: |  1  2  3 |
---------------+----------+-----
Maces & Flails | 3 |  3.3
Fighting       | |  3.9
Armour         | |  3.8
Shields        | |  3.9

Action                   |  1- 3 |  4- 6 || total
-------------------------+-------+-------++-------
Melee: Flail             |   152 |    63 ||   215
Armor: Scale mail        |    15 |       ||    15
       Chain mail        |    85 |    38 ||   123
Dodge: Dodged            |    27 |    11 ||    38
Block: Kite shield       |    94 |    32 ||   126
